 Dungeon Crawl Stone Soup version 0.26-a0-84-g8c18429211 (webtiles) character file.

Game seed: 4716673205951942603

70 MarredHen the Bolt Thrower (level 4, 0/28 HPs)
             Began as a Kobold Hunter on June 17, 2020.
             Was a Follower of Dithmenos.
             Succumbed to an adder's poison
             ... on level 2 of the Dungeon.
             The game lasted 00:06:43 (1563 turns).

MarredHen the Bolt Thrower (Kobold Hunter)          Turns: 1563, Time: 00:06:43

Health: 0/28       AC:  3    Str:  6 (9)  XL:     4   Next: 45%
Magic:  4/4        EV: 14    Int: 11 (12) God:    Dithmenos [*.....]
Gold:   154        SH:  0    Dex: 13 (16) Spells: 3/3 levels left

rFire    . . .     SeeInvis .   b - +0 short sword
rCold    . . .     Gourm    .   (shield restricted)
rNeg     . . .     Faith    .   c - +0 leather armour
rPois    .         Spirit   .   (no helmet)
rElec    .         Reflect  .   e - scarf {+Inv}
rCorr    .         Harm     .   (no gloves)
MR       .....                  (no boots)
Stlth    ++........             (no amulet)
HPRegen  0.09/turn              m - ring of flight
MPRegen  0.09/turn              (no ring)

@: lethally poisoned (0 -> -6), flying, wreathed by umbra
A: small, carnivore
a: Renounce Religion, Evoke Invisibility


You were on level 2 of the Dungeon.
You worshipped Dithmenos.
Dithmenos was aware of your devotion.
You were very full.

You visited 1 branch of the dungeon, and saw 3 of its levels.

You collected 154 gold pieces.

Inventory:

Hand Weapons
 a - a +2 hand crossbow
 b - a +0 short sword (weapon)
Armour
 c - a +0 leather armour (worn)
 e - a scarf of invisibility (worn)
Jewellery
 d - a cursed amulet of inaccuracy {unknown}
 m - a ring of flight (left hand)
Wands
 i - a wand of disintegration (12)
Scrolls
 h - 2 scrolls of immolation
 j - 2 scrolls of fear {unknown}
 l - 2 scrolls of remove curse
Comestibles
 f - 3 rations


   Skills:
 + Level 3.0 Fighting
 + Level 5.5 Crossbows
 + Level 3.1 Dodging
 + Level 2.9 Stealth


You had 3 spell levels left.
You didn't know any spells.
Your spell library was empty.

Dungeon Overview and Level Annotations

Branches:
Dungeon (3/15)

Altars:
Ashenzari
Dithmenos
Nemelex Xobeh


Innate Abilities, Weirdness & Mutations

You are small and have problems with some larger weapons.
You are carnivorous and can eat meat at any time.


Message History

You feel weakened.
You feel dopey.
You feel clumsy. The adder bites you.
* * * LOW HITPOINT WARNING * * *
You are poisoned.
The adder poisons you! The adder bites you.
* * * LOW HITPOINT WARNING * * *
You are lethally poisoned!
The adder poisons you!
* * * LOW HITPOINT WARNING * * *
You feel sick.
* * * LOW HITPOINT WARNING * * *
You feel sick.
* * * LOW HITPOINT WARNING * * *
You feel sick.
You aren't carrying any potions.
You eat one of the 4 rations.
That ration really hit the spot!
The adder closely misses you. The adder barely misses you.
* * * LOW HITPOINT WARNING * * *
You feel sick.
You die...

#.....# #............#####
####### #.#####...........
################.#####.....######
......|..............>........<.[
#####.##########.######.##.###.#.
#...[.#### #.# #.##..##..#
.........##### #.# #.###.#....
.......#....<# #.# #.(...+....
.......##.######@# #####'#....
.########......#.#########.....##
....# #.####.#.So......'.......
....# ###.# #.###########...[.##
....# #...## #...# ##..#.#
###.###....###.#.# ##.#.#
#......_.......# #.#.#
##.###..(.###..# #...# ####.#
##...# ##.# #...#


You could see an adder.

Vanquished Creatures
  2 adders (D:2)
  6 orcs (D:3)
  5 bats
  2 giant cockroaches
  6 goblins
  6 hobgoblins
  A quokka (D:3)
  3 ball pythons
  4 frilled lizards
  7 kobolds
  3 rats
45 creatures vanquished.

Notes
Turn   | Place    | Note
-------+----------+-------------------------------------------
     0 | D:1      | MarredHen the Kobold Hunter began the quest for the Orb.
     0 | D:1      | Reached XP level 1. HP: 12/12 MP: 1/1
    48 | D:1      | Reached skill level 5 in Crossbows
    59 | D:1      | Reached XP level 2. HP: 18/18 MP: 2/2
   347 | D:1      | Reached XP level 3. HP: 22/22 MP: 3/3
   530 | D:2      | Found a shadowy altar of Dithmenos.
   539 | D:2      | Became a worshipper of Dithmenos the Shadowed
   650 | D:2      | Found a sparkling altar of Nemelex Xobeh.
   814 | D:2      | You fall into a shaft and drop 1 floor!
   816 | D:3      | Reached XP level 4. HP: 27/27 MP: 4/4
  1114 | D:3      | Found a shattered altar of Ashenzari.
  1521 | D:3      | Reached * piety under Dithmenos
  1562 | D:2      | HP: 1/28 [poisoned by an adder]
  1563 | D:2      | Succumbed to an adder's poison

Illustrated notes

Levels and vault maps discovered:
D:1:      scummos_arrival_forest, layout_rooms, chequers_serial_rivers_marsh,
          minmay_pentomino_t4
D:2:      layout_basic, nicolae_overflow_crystal_walls, first_ration,
          grunt_ministairs_2, grunt_dithmenos_smoke_and_mirrors
D:3:      layout_basic, nicolae_ashenzari_panopticon

Skill      XL: |  1  2  3  4 |
---------------+-------------+-----
Crossbows      | 5 |  5.5
Stealth        | 2 |  2.9
Dodging        | 3 |  3.1
Fighting       | 3 |  3.0

Action                   |  1- 3 |  4- 6 || total
-------------------------+-------+-------++-------
Melee: Short sword       |       |    24 ||    24
 Fire: Hand crossbow     |    71 |    21 ||    92
  Use: Scroll            |     3 |     5 ||     8
       Potion            |       |     4 ||     4
  Eat: Chunk             |     3 |     4 ||     7
       Ration            |       |     1 ||     1
Armor: Leather armour    |     3 |     4 ||     7
Dodge: Dodged            |     7 |    30 ||    37

Table legend:
 A = Non-vault XP
 B = Vault XP
 C = Vault XP percentage of total XP
 D = Non-vault monster count
 E = Vault monster count
 F = Vault count percentage of total count
                 A         B        C        D         E       F
            +---------+---------+-------+---------+---------+-------
      Total |      80 |      21 |  20.8 |      39 |       6 |  13.3
            +---------+---------+-------+---------+---------+-------
        D:1 |      26 |       5 |  16.1 |      16 |       4 |  20.0
        D:2 |      27 |      16 |  37.2 |      11 |       2 |  15.4
        D:3 |      27 |       0 |   0.0 |      12 |       0 |   0.0
            +---------+---------+-------+---------+---------+-------
